 Dungeon Crawl Stone Soup version 0.28.0-1-gb440e238dd (webtiles) character file.

Game seed: 15325600262955248985

325521 theElss the Hoplite (level 21, -5/109 HPs)
             Began as a Gargoyle Berserker on Feb 25, 2022.
             Was a Priest of Trog.
             Slain by a blizzard demon (11 damage)
             ... on level 5 of the Abyss.
             The game lasted 03:06:34 (58556 turns).

theElss the Hoplite (Gargoyle Berserker)           Turns: 58556, Time: 03:06:35

Health: -5/109     AC: 40    Str: 38    XL:     21   Next: 62%
Magic:  4/4        EV: 15    Int: 14    God:    Trog [***...]
Gold:   2789       SH: 28    Dex: 13    Spells: 20/20 levels left

rFire   + + +      SeeInvis .   a - +7 demon whip (antimagic)
rCold   + + .      Faith    .   s - +0 tower shield
rNeg    + + +      Spirit   .   D - +7 chain mail "Lekus" {rF+ Will+}
rPois   ∞          Reflect  +   z - +1 helmet of Xogad {Rampage rF+ rN+ Will-}
rElec   +          Harm     .   P - scarf {rC+ rF+}
rCorr   +          Rampage  +   n - +1 pair of gloves of Stoicism {rElec}
Will    +....                   H - +0 pair of boots
Stlth   ..........              O - amulet of Lixzey {Reflect rCorr Str+6 Slay+2 SH+5}
HPRegen 0.28/turn               Z - ring of positive energy
MPRegen 0.09/turn               Q - ring "Qaghetwe" {rN+ rCorr Str+6 Int+4}

@: resistant, flying
A: sickness immunity, AC +16, big wings, negative energy resistance 1,
electricity resistance, torment resistance 1, petrification resistance,
[deformed body], [frail 2], low MP 1[+2]
}: 2/15 runes: decaying, serpentine
a: Renounce Religion, Berserk, Trog's Hand


You were on level 5 of the Abyss.
You worshipped Trog.
Trog was most pleased with you.
You visited 6 branches of the dungeon, and saw 35 of its levels.
You visited the Abyss 3 times.
You also visited: Gauntlet and Ice Cave.

You collected 5647 gold pieces.
You spent 2858 gold pieces at shops.

Inventory:

Hand Weapons
 a - a +7 antimagic demon whip (weapon)
 b - a +4 vorpal eveningstar
 W - a +4 antimagic morningstar
Missiles
 I - 3 throwing nets (quivered)
Armour
 h - a +0 cloak of preservation
 n - the +1 pair of gloves of Stoicism (worn) {rElec}
   (You bought it in a shop on level 13 of the Dungeon)

   rElec:     It insulates you from electricity.
 s - a +0 tower shield (worn)
 z - the +1 helmet of Xogad (worn) {Rampage rF+ rN+ Will-}
   (You bought it in a shop on level 3 of the Snake Pit)

   rF:        It protects you from fire.
   rN:        It protects you from negative energy.
   Rampage:   It bestows one free step when moving towards enemies.
   Will:      It decreases your willpower.
 B - a +0 helmet
 D - the +7 chain mail "Lekus" (worn) {rF+ Will+}
   (You found it on level 7 of the Dungeon)

   rF:        It protects you from fire.
   Will:      It increases your willpower.
 H - a +0 pair of boots (worn)
 P - a scarf of resistance (worn)
Jewellery
 o - the ring "Amuon" {rF+ MP+9 EV+4}
   (You took it off a spriggan rider on level 4 of the Swamp)

   [ring of evasion]

   EV:        It affects your evasion (+4).
   rF:        It protects you from fire.
   MP:        It affects your magic capacity (+9).
 J - a ring of protection from cold
 L - a +6 ring of strength
 M - an amulet of regeneration
 O - the amulet of Lixzey (around neck) {Reflect rCorr Str+6 Slay+2 SH+5}
   (You bought it in a shop on level 2 of the Orcish Mines)

   [amulet of reflection]

   It reflects blocked missile attacks.
   Str:       It affects your strength (+6).
   Slay:      It affects your accuracy & damage with ranged weapons and melee
   (+2).
   rCorr:     It protects you from acid and corrosion.
   SH:        It affects your SH (+5).
 Q - the ring "Qaghetwe" (right hand) {rN+ rCorr Str+6 Int+4}
   (You found it in an ice cave)

   [ring of positive energy]

   Str:       It affects your strength (+6).
   Int:       It affects your intelligence (+4).
   rN:        It protects you from negative energy.
   rCorr:     It protects you from acid and corrosion.
 R - a ring of see invisible
 Z - a ring of positive energy (left hand)
Wands
 j - a wand of digging (17)
 p - a wand of polymorph (2)
 G - a wand of acid (12)
 S - a wand of paralysis (12)
 T - a wand of iceblast (51)
Scrolls
 c - 8 scrolls of blinking
 d - 8 scrolls of identify
 e - 6 scrolls of fog
 f - 3 scrolls of magic mapping
 g - 14 scrolls of teleportation
 i - 12 scrolls of fear
 k - 10 scrolls of immolation
 l - 2 scrolls of brand weapon
 x - 2 scrolls of summoning
 y - 4 scrolls of silence
 F - a scroll of acquirement
 K - 2 scrolls of torment
Potions
 m - 8 potions of lignification
 r - 9 potions of heal wounds
 t - a potion of cancellation
 v - 20 potions of curing
 w - 4 potions of haste
 A - 4 potions of invisibility
 N - 8 potions of ambrosia
 U - 5 potions of might
 Y - 3 potions of magic


   Skills:
 + Level 16.7 Fighting
 + Level 16.1 Maces & Flails
 + Level 16.5 Armour
 - Level 12.8 Dodging
 - Level 25.0 Shields
 - Level 7.0 Evocations


You had 20 spell levels left.
You didn't know any spells.
Your spell library was empty.

Dungeon Overview and Level Annotations

Branches:
Dungeon (15/15)            Temple (0/1) D:6            Lair (6/6) D:8
  Swamp (4/4) Lair:4        Snake (4/4) Lair:2        Slime (0/5) Lair:6
    Orc (2/2) D:9          Vaults (0/5) D:14         Depths (4/4) D:15
    Zot (0/5) Depths:4      IceCv (visited)         Gauntlet (visited)
    Elf: Orc:2

Altars:
Cheibriados
Dithmenos
Elyvilon
Fedhas
Makhleb
Nemelex Xobeh
Okawaru
Ru
Sif Muna
Uskayaw
Vehumet
Yredelemnul
The Shining One
Jiyva

Shops:
D:2 ??   D:4 =   D:6 [   D:7 ?   D:9 [   D:13 *   Orc:2 ([*=   Snake:2 *
Snake:3 [*   Depths:3 =::

Portals:
Hell: Depths:1 Depths:2 Depths:3 Depths:4
Abyss: Depths:1 Depths:3 Depths:4
Pandemonium: Depths:2
Ziggurat: Depths:2

Annotations:
Lair:6 1 runed translucent door


Innate Abilities, Weirdness & Mutations

You are immune to sickness and miasma.
Your stone body is resilient. (AC +16)
You are immune to poison.
Your large and strong wings let you fly.
You resist negative energy. (rN+)
You are resistant to electric shocks. (rElec)
You are resistant to unholy torment.
You are immune to petrification.
[Armour fits poorly on your strangely shaped body.]
[You are very frail. (-20% HP)]
[Your magical capacity is extremely low. (-30% MP)]


Message History

You thrash the hellion!!
You kill the hellion!
That felt strangely unrewarding.
You block the red very ugly thing's attack.
You block the white very ugly thing's attack.
You block the anaconda simulacrum's attack.
The anaconda simulacrum bites you but does no damage.
You hit the white very ugly thing.
The white very ugly thing is lightly wounded.
The blizzard demon waves its arms in wide circles.
The air twists around and strikes you!!
You block the anaconda simulacrum's attack. x2
You thrash the white very ugly thing!!
The white very ugly thing is moderately wounded.
You block the red very ugly thing's attack.
The white very ugly thing pecks you! The white very ugly thing freezes you!!
You resist.
You hit the white very ugly thing.
The white very ugly thing is moderately wounded.
You block the anaconda simulacrum's attack. x2
You barely miss the white very ugly thing.
The white very ugly thing is moderately wounded.
You block the anaconda simulacrum's attack. x2
The red very ugly thing closely misses you.
The white very ugly thing pecks you!
* * * LOW HITPOINT WARNING * * *
The white very ugly thing freezes you! You resist.
* * * LOW HITPOINT WARNING * * *
The blizzard demon misses you.
The blizzard demon hits you but does no damage.
You feel protected.
You block the anaconda simulacrum's attack. x2
The white very ugly thing pecks you!
* * * LOW HITPOINT WARNING * * *
The white very ugly thing freezes you. You resist.
* * * LOW HITPOINT WARNING * * *
The red very ugly thing kicks you but does no damage.
You block the anaconda simulacrum's attack. x2
You block the blizzard demon's attack. The blizzard demon hits you!
You die...

....#°#
....#° #
#...≈ °##
#...#
≈≈##...#
#°#...#
#°...#
#.2Z# #'u@#
#......##u#
.##.#..#..#
# #...#
...#.#
#.##.## ...
. .. . .. .
.#


You could see 2 very ugly things, a blizzard demon and an anaconda simulacrum.

Vanquished Creatures
  A dread lich (Abyss:1)
  An ancient lich (Depths:3)
  Mennas (Depths:4)
  Sojobo (Depths:4)
  Vashnia (Snake:4)
  3 golden dragons
  A bone dragon (Abyss:1)
  Jorgrun (D:9)
  2 tentacled monstrosities
  2 walking crystal tomes
  3 liches
  8 tentacled starspawn
  Kirke (Lair:4)
  3 thorn hunters
  A sphinx (Depths:4)
  Frances (Swamp:2)
  6 tengu reavers
  A shadow dragon (Depths:2)
  The ghost of Tuffe the Warrior, an adept FoFi of Okawaru (Snake:4)
  A storm dragon (Depths:4)
  4 nagarajas
  A daeva (Depths:3)
  A deep elf sorcerer (Abyss:1)
  3 fire giants
  8 frost giants
  3 draconian knights
  A balrug (Depths:3)
  Aizul (Snake:4)
  A draconian stormcaller (Depths:4)
  An orc warlord (Orc:2)
  13 very ugly things
  6 stone giants
  The ghost of Laowois the Severer, a journeyman MiBe of Trog (D:14)
  4 eleionomae
  A black draconian (Depths:4)
  2 bunyips
  4 red draconians (Depths:4)
  A purple draconian (Depths:4)
  2 dire elephants
  6 white draconians
  A minotaur (Gauntlet)
  An eidolon (Abyss:3)
  2 ettins
  A jiangshi (Depths:3)
  An ettin (shapeshifter) (D:14)
  7 fire dragons
  3 yaktaur captains (Depths:4)
  5 great orbs of eyes
  Harold (D:10)
  2 shambling mangroves (Swamp:4)
  5 rakshasas
  29 hydras
  A merfolk impaler (Depths:4)
  A salamander tyrant (Snake:4)
  2 ghost crabs
  4 spriggan air magi
  8 ice dragons
  11 naga warriors
  4 boulder beetles (D:14)
  A catoblepas (Lair:6)
  17 anacondas
  7 tengu warriors
  3 two-headed ogres
  13 centaur warriors
  7 deep troll earth magi
  A death scarab (Gauntlet)
  6 deep troll shamans
  10 alligators
  2 hell hogs (Abyss:4)
  A titan zombie (Abyss:1)
  15 thrashing horrors
  3 vampire magi
  4 orc high priests (Orc:2)
  4 spriggan berserkers
  Sonja (Lair:4)
  16 hell knights
  8 shock serpents
  A soul eater (Depths:4)
  4 sun demons
  12 naga sharpshooters
  A deep elf knight (D:14)
  2 salamander mystics (Snake:4)
  7 iron trolls
  3 fire crabs
  4 sixfirhies
  7 wretched stars
  A spatial maelstrom (Abyss:4)
  3 goliath frogs
  A deep troll (shapeshifter) (D:14)
  3 skeletal warriors
  A spectral hydra (Gauntlet)
  2 sea snakes (Snake:3)
  An orb spider (Abyss:3)
  2 death drakes (Swamp:3)
  4 glowing orange brains
  11 swamp dragons
  5 bog bodies
  An obsidian statue (Gauntlet)
  3 naga ritualists (Snake:4)
  2 flayed ghosts
  14 deep trolls
  8 orc knights
  A phantasmal warrior (Abyss:3)
  An orange crystal statue (IceCv)
  4 wizards
  4 deep elf pyromancers
  4 necromancers
  5 orc sorcerers
  A glowing shapeshifter (Depths:1)
  16 mana vipers
  6 manticores
  6 lindwurms
  40 ugly things
  4 wolf spiders
  2 worldbinders
  11 cyclopes
  9 salamanders
  A will-o-the-wisp (Swamp:2)
  3 ice statues
  19 elephants
  36 black mambas
  Maurice (D:9)
  6 guardian serpents
  4 smoke demons
  5 storm dragon simulacra (IceCv)
  18 cane toads
  2 orange demons
  A torpor snail (Lair:6)
  A gargoyle (D:11)
  15 naga magi
  2 kobold demonologists
  2 unseen horrors
  6 freezing wraiths
  12 tengu conjurers
  An efreet (D:15)
  7 rime drakes
  2 hellions
  A yaktaur (D:11)
  2 hellwings
  A red devil (Depths:2)
  2 tormentors
  5 komodo dragons
  A queen bee (Lair:2)
  5 golden dragon simulacra (IceCv)
  6 ancient zymes
  5 trolls
  A wind drake (shapeshifter) (D:14)
  Prince Ribbit (D:6)
  4 meliai
  A blink frog (shapeshifter) (D:15)
  17 hornets
  13 polar bears
  8 blink frogs
  Grinder (D:3)
  A harpy skeleton (Abyss:4)
  6 tyrant leeches
  7 slime creatures
  A slime creature (shapeshifter) (Depths:2)
  4 dream sheep
  9 raiju
  6 flying skulls
  A spriggan (shapeshifter) (D:14)
  A centaur simulacrum (D:14)
  13 spriggans
  A shadow (Abyss:1)
  7 ynoxinuls
  An air elemental (Abyss:4)
  5 vampires
  4 wraiths
  55 yaks
  A wyvern (shapeshifter) (Depths:2)
  7 wyverns
  2 hogs (Lair:4)
  A human (Lair:4)
  3 water elementals
  9 basilisks
  4 neqoxecs
  14 vampire mosquitoes
  5 chaos spawn
  12 large abominations
  A two-headed ogre zombie (D:9)
  A steam dragon (D:9)
  10 wargs
  16 swamp worms
  Menkaure (D:6)
  27 nagas
  2 harpy simulacra
  17 water moccasins
  A floating eye (shapeshifter) (D:14)
  3 acid dragons
  8 swamp drakes (Swamp:4)
  13 hell hounds (Lair:6)
  12 black bears
  33 orc warriors
  A sky beast (D:5)
  5 ice dragon simulacra (IceCv)
  10 ogres
  A necrophage (D:4)
  11 small abominations
  7 boggarts
  31 wolves
  10 centaurs
  5 phantoms
  3 kobold brigands
  An earth elemental (Abyss:3)
  11 bullfrogs
  33 killer bees
  6 lindwurm simulacra (IceCv)
  3 wights (D:10)
  4 electric eels
  A howler monkey (D:6)
  21 starcursed masses
  A bullfrog zombie (D:6)
  6 centaur zombies
  2 iron imps
  20 orc priests
  3 jellies
  A quasit (Abyss:4)
  5 hounds
  A gnoll shaman (D:9)
  2 centaur skeletons
  5 iguanas
  Ijyb (D:3)
  Natasha (thrice) (D:2)
  35 orc wizards
  7 ogre zombies (D:9)
  A howler monkey zombie (D:7)
  4 gnolls
  6 adders
  A howler monkey skeleton (D:5)
  2 shadow imps
  4 white imps
  3 ufetubi
  An adder skeleton (D:4)
  2 dart slugs (D:5)
  2 worms
  86 orcs
  9 endoplasms
  5 giant cockroaches
  5 goblins
  11 hobgoblins
  4 jackals (D:3)
  8 quokkas
  11 ball pythons
  3 bats
  5 frilled lizards (D:1)
  A goblin skeleton (D:9)
  2 goblin zombies (D:9)
  3 hobgoblin skeletons (D:9)
  3 hobgoblin zombies (D:9)
  12 kobolds
  3 orc skeletons (D:9)
  13 orc zombies (D:9)
  6 rats
  A lurking horror (Abyss:3)
  9 starspawn tentacles
1554 creatures vanquished.

Vanquished Creatures (collateral kills)
  An ettin (Depths:4)
  A boulder beetle (D:14)
  A spriggan air mage (Depths:1)
  An ice dragon (Depths:1)
  A centaur warrior (D:14)
  A deep troll earth mage (Depths:1)
  An iron troll (Depths:1)
  A skeletal warrior (D:14)
  A swamp dragon (shapeshifter) (D:14)
  A deep troll (Depths:1)
  An ugly thing (D:14)
  A manticore (D:14)
  2 tengu conjurers (D:14)
  A blink frog (shapeshifter) (D:14)
15 creatures vanquished.

Vanquished Creatures (others)
  2 jiangshi (Depths:3)
  An alligator (Swamp:4)
  A deep elf pyromancer (D:14)
  A smoke demon (Abyss:3)
  A tengu conjurer (D:15)
  2 bloated husks
  2 humans (Lair:4)
  A naga (Snake:3)
  A black bear (Lair:4)
  A boggart (D:12)
  6 foxfires (Swamp:2)
  30 fungi
  57 plants
  25 starspawn tentacles
131 creatures vanquished.

Grand Total: 1700 creatures vanquished

Notes
Turn   | Place    | Note
-------+----------+-------------------------------------------
     0 | D:1      | theElss the Gargoyle Berserker began the quest for the Orb.
     0 | D:1      | Reached XP level 1. HP: 14/14 MP: 1/1
    63 | D:1      | Reached XP level 2. HP: 17/19 MP: 2/2
   515 | D:1      | You fall into a shaft and drop 1 floor!
   515 | D:2      | Found Nitu's Magic Scroll Shop.
   615 | D:2      | Bought a scroll of fog for 28 gold pieces
   615 | D:2      | Bought a scroll of noise for 14 gold pieces
   670 | D:2      | Noticed Natasha
   681 | D:2      | Killed Natasha
   682 | D:2      | Reached XP level 3. HP: 22/24 MP: 3/3
   839 | D:2      | Reached XP level 4. HP: 25/29 MP: 4/4
  1146 | D:1      | Reached ** piety under Trog
  1551 | D:2      | Found a faded altar of an unknown god.
  1591 | D:2      | Bought a scroll of identify for 28 gold pieces
  1605 | D:2      | Noticed Natasha
  1613 | D:2      | Killed Natasha
  1614 | D:2      | Reached XP level 5. HP: 33/33 MP: 5/5
  1624 | D:2      | Noticed Natasha
  1639 | D:2      | Killed Natasha
  1945 | D:2      | Found Tas Vuyd's Magic Scroll Shop.
  2001 | D:2      | Bought a scroll of fear for 35 gold pieces
  2136 | D:3      | Reached XP level 6. HP: 39/39 MP: 6/6
  2296 | D:3      | Noticed Grinder
  2308 | D:3      | Killed Grinder
  2309 | D:3      | Reached skill level 5 in Fighting
  2309 | D:3      | Reached XP level 7. HP: 44/44 MP: 7/7
  2611 | D:3      | Noticed Ijyb
  2623 | D:3      | Killed Ijyb
  3498 | D:4      | Found Kaqegh's Jewellery Boutique.
  3602 | D:4      | Found a shimmering blue altar of Sif Muna.
  3965 | D:4      | Reached skill level 5 in Maces & Flails
  4463 | D:4      | Reached skill level 5 in Armour
  4709 | D:2      | Bought a scroll of enchant armour for 75 gold pieces
  4709 | D:2      | Bought a scroll of vulnerability for 75 gold pieces
  4709 | D:2      | Bought a scroll of immolation for 35 gold pieces
  4815 | D:5      | Entered Level 5 of the Dungeon
  5000 | D:5      | Reached XP level 8. HP: 50/51 MP: 8/8
  5501 | D:5      | Reached *** piety under Trog
  5878 | D:6      | Noticed Prince Ribbit
  6146 | D:6      | Killed Prince Ribbit
  6488 | D:6      | Found a staircase to the Ecumenical Temple.
  6534 | D:6      | Reached XP level 9. HP: 52/56 MP: 9/9
  6626 | D:6      | Found a white marble altar of Elyvilon.
  6651 | D:6      | Reached skill level 5 in Dodging
  7192 | D:6      | Found Siyx's Antique Armour Emporium.
  7197 | D:6      | Bought a cloak for 99 gold pieces
  7461 | D:7      | Found Ehetingu's Magic Scroll Shoppe.
  7579 | D:7      | Noticed Menkaure
  7744 | D:6      | Killed Menkaure
  7942 | D:7      | Bought a scroll of teleportation for 48 gold pieces
  7942 | D:7      | Bought a scroll of magic mapping for 56 gold pieces
  7992 | D:7      | Noticed a hornet
  8010 | D:7      | Killed a hornet
  8264 | D:7      | Identified the +7 chain mail "Lekus" {rF+ Will+}
  8787 | D:8      | Reached **** piety under Trog
  8877 | D:8      | Reached XP level 10. HP: 54/64 MP: 10/10
  9116 | D:8      | Found a snail-covered altar of Cheibriados.
  9149 | D:8      | Found a staircase to the Lair.
  9437 | D:9      | Found a hide-covered altar of Uskayaw.
  9706 | D:9      | Found an iron altar of Okawaru.
  9839 | D:9      | Found a radiant altar of Vehumet.
  9890 | D:9      | Found Ashrufao's Armour Boutique.
 10140 | D:9      | Bought a +0 pair of gloves for 49 gold pieces
 10185 | D:9      | Found a staircase to the Orcish Mines.
 10498 | D:9      | Reached ***** piety under Trog
 10556 | D:9      | Reached XP level 11. HP: 68/71 MP: 11/11
 10839 | D:9      | Found a sacrificial altar of Ru.
 10868 | D:10     | Entered Level 10 of the Dungeon
 11011 | D:10     | Noticed a two-headed ogre
 11020 | D:10     | Killed a two-headed ogre
 11363 | D:10     | Found a burning altar of Makhleb.
 11388 | D:10     | Found a blossoming altar of Fedhas.
 11628 | D:10     | Noticed Harold
 11647 | D:10     | Killed Harold
 11648 | D:10     | Reached skill level 10 in Fighting
 12294 | D:10     | Reached skill level 10 in Armour
 12316 | D:10     | Found a basalt altar of Yredelemnul.
 12461 | Lair:1   | Entered Level 1 of the Lair of Beasts
 12833 | D:8      | Reached skill level 10 in Maces & Flails
 13230 | Lair:1   | Reached XP level 12. HP: 74/79 MP: 12/12
 14447 | Lair:2   | Received a gift from Trog
 15052 | Lair:2   | Found a staircase to the Snake Pit.
 15434 | Lair:3   | Noticed a four-headed hydra
 15474 | Lair:3   | Killed a four-headed hydra
 15488 | Lair:3   | Reached XP level 13. HP: 75/86 MP: 13/13
 16052 | Lair:3   | Received a gift from Trog
 16364 | Lair:4   | Noticed Kirke
 16456 | Lair:4   | Killed Kirke
 16500 | Lair:4   | Found a staircase to the Swamp.
 16762 | Lair:4   | Noticed Sonja
 16777 | Lair:4   | Killed Sonja
 17209 | Lair:4   | Reached skill level 10 in Dodging
 17761 | Lair:5   | Gained mutation: Your large and strong wings let you fly.
                  | [Gargoyle growth]
 17761 | Lair:5   | Reached XP level 14. HP: 81/94 MP: 14/14
 18033 | Lair:6   | Entered Level 6 of the Lair of Beasts
 18128 | Lair:6   | Found a runed translucent door.
 18130 | Lair:6   | Found a viscous altar of Jiyva.
 18130 | Lair:6   | Noticed an acid blob
 18131 | Lair:6   | Noticed an acid blob
 18132 | Lair:6   | Found a staircase to the Slime Pits.
 18132 | Lair:6   | Noticed an acid blob
 18377 | Lair:6   | Received a gift from Trog
 18596 | Lair:6   | Reached ****** piety under Trog
 19761 | Lair:6   | Noticed a dire elephant
 19815 | Lair:6   | Killed a dire elephant
 20409 | D:11     | Received a gift from Trog
 20820 | D:11     | Reached XP level 15. HP: 97/101 MP: 6/15
 20989 | D:11     | Found a hide-covered altar of Uskayaw.
 21676 | D:12     | Found a gate leading to a gauntlet.
 21697 | Gauntlet | Entered a Gauntlet
 21697 | Gauntlet | Found a transporter.
 21700 | Gauntlet | Found a transporter.
 21702 | Gauntlet | Found a transporter.
 21724 | Gauntlet | Found a transporter.
 21743 | Gauntlet | Found a transporter.
 21744 | Gauntlet | Found a transporter.
 21752 | Gauntlet | Found a transporter.
 21773 | Gauntlet | Found a transporter.
 21784 | Gauntlet | Found a transporter.
 21795 | Gauntlet | Found a transporter.
 21817 | Gauntlet | Found a transporter.
 21831 | Gauntlet | Found a transporter.
 21867 | Gauntlet | Found a transporter.
 21881 | Gauntlet | Found a transporter.
 22054 | Gauntlet | Identified the ring "Koenoof" {Wiz Int+6}
 22176 | Gauntlet | Identified the amulet of Gireleom {Acrobat Will+ Int+4}
 22206 | Gauntlet | Identified the +7 battleaxe of Balance {protect, rF+ rC-
                  | Str+3 Int+3}
 22490 | Gauntlet | Identified the +1 chain mail of Watchfulness {Harm rF-
                  | Str+3 Int+5}
 22825 | D:13     | Found Zueteas's Antique Artefacts.
 22832 | D:13     | Bought an iridescent mace for 320 gold pieces
 22832 | D:13     | Identified the +1 mace "Ujeum" {vorpal, rElec rF- rC+++
                  | Int-2} (You bought it in a shop on level 13 of the Dungeon)
 22832 | D:13     | Bought a pair of masterwork gloves for 380 gold pieces
 22832 | D:13     | Identified the +1 pair of gloves of Stoicism {rElec} (You
                  | bought it in a shop on level 13 of the Dungeon)
 22832 | D:13     | Bought a slimy whip for 300 gold pieces
 22832 | D:13     | Identified the +5 whip "Dragonbane" {vorpal, Fragile rElec
                  | rC++ rCorr} (You bought it in a shop on level 13 of the
                  | Dungeon)
 22913 | D:13     | Reached skill level 15 in Fighting
 23799 | D:14     | Found a gate to the Vaults.
 23870 | D:14     | Received a gift from Trog
 23902 | D:14     | Reached skill level 15 in Armour
 24682 | D:14     | Found a blossoming altar of Fedhas.
 24707 | D:14     | Found a runed translucent door.
 24709 | D:14     | Identified the +0 robe of the Evil One {Slay+3}
 24949 | D:14     | Noticed Laowois's ghost (journeyman MiBe)
 26606 | D:14     | Reached XP level 16. HP: 106/109 MP: 16/16
 27642 | D:15     | Entered Level 15 of the Dungeon
 28400 | D:15     | Reached skill level 15 in Maces & Flails
 28525 | D:15     | Found a staircase to the Depths.
 28553 | D:14     | Received a gift from Trog
 29028 | D:14     | Found a burning altar of Makhleb.
 29353 | D:14     | Reached skill level 1 in Shields
 29518 | D:14     | Killed Laowois's ghost
 29519 | D:14     | Reached skill level 2 in Shields
 29589 | D:15     | Found a shadowy altar of Dithmenos.
 29898 | Depths:1 | Entered Level 1 of the Depths
 29927 | D:15     | Reached skill level 3 in Shields
 30080 | Orc:1    | Entered Level 1 of the Orcish Mines
 30104 | D:9      | Reached skill level 4 in Shields
 30117 | Orc:1    | Noticed Maurice
 30132 | Orc:1    | Noticed Jorgrun
 30170 | D:9      | Killed Jorgrun
 30174 | D:9      | Killed Maurice
 30189 | D:9      | Reached skill level 5 in Shields
 30276 | Orc:1    | Found a burning altar of Makhleb.
 30393 | Orc:1    | Gained mutation: You are robust. (+10% HP) [a neqoxec]
 30647 | Orc:2    | Entered Level 2 of the Orcish Mines
 30883 | Orc:2    | Reached skill level 6 in Shields
 31002 | Orc:1    | Received a gift from Trog
 31123 | Orc:2    | Reached XP level 17. HP: 121/127 MP: 5/17
 31163 | Orc:2    | Reached skill level 7 in Shields
 31475 | Orc:2    | Reached skill level 8 in Shields
 31741 | Orc:2    | Found Nociuwewk's General Store.
 31742 | Orc:2    | Found Cuvyijae's Jewellery Shoppe.
 31744 | Orc:2    | Found Zacwahi's Antique Armour Shoppe.
 31744 | Orc:2    | Found Puoplagh's Antique Weapon Emporium.
 31777 | Orc:2    | Bought the amulet of Lixzey {Reflect rCorr Str+6 Slay+2
                  | SH+5} for 826 gold pieces
 31955 | Swamp:1  | Entered Level 1 of the Swamp
 32150 | Swamp:1  | Reached skill level 9 in Shields
 33269 | Swamp:2  | Noticed Frances
 33330 | Swamp:2  | Killed Frances
 33331 | Swamp:2  | Reached skill level 10 in Shields
 33369 | Swamp:2  | Received a gift from Trog
 34757 | Swamp:3  | Reached skill level 11 in Shields
 35393 | Swamp:4  | Entered Level 4 of the Swamp
 35715 | Swamp:4  | Found a frozen archway.
 35874 | IceCv    | Entered an ice cave
 36677 | IceCv    | Reached skill level 12 in Shields
 37832 | IceCv    | Identified the ring of Jeukog {rCorr Int+6}
 37835 | IceCv    | Identified the ring "Qaghetwe" {rN+ rCorr Str+6 Int+4}
 37970 | Swamp:4  | Received a gift from Trog
 38018 | Swamp:4  | Reached skill level 13 in Shields
 38498 | Swamp:4  | Identified the ring "Amuon" {rF+ MP+9 EV+4}
 38731 | Swamp:4  | Reached XP level 18. HP: 134/134 MP: 18/18
 38912 | Swamp:4  | Reached skill level 14 in Shields
 39417 | Swamp:4  | Reached skill level 15 in Shields
 40143 | Swamp:4  | Got a decaying rune of Zot
 40405 | Snake:1  | Entered Level 1 of the Snake Pit
 40639 | Snake:1  | Received a gift from Trog
 40920 | Snake:1  | Reached skill level 16 in Shields
 42138 | Snake:2  | Found Imem's Gadget Gallery.
 42514 | Snake:3  | Found Lizibrie's Antique Armour Emporium.
 42519 | Snake:3  | Found Xaxzijit's General Store.
 42522 | Snake:3  | Bought a blackened helmet for 266 gold pieces
 42522 | Snake:3  | Identified the +1 helmet of Xogad {Rampage rF+ rN+ Will-}
                  | (You bought it in a shop on level 3 of the Snake Pit)
 42526 | Snake:3  | Bought a potion of heal wounds for 80 gold pieces
 42526 | Snake:3  | Bought 3 scrolls of teleportation for 144 gold pieces
 42560 | Snake:3  | Reached skill level 17 in Shields
 43165 | Snake:4  | Entered Level 4 of the Snake Pit
 43383 | Snake:4  | Found a runed translucent door.
 43383 | Snake:4  | Noticed Tuffe's ghost (adept FoFi)
 43411 | Snake:4  | Killed Tuffe's ghost
 43454 | Snake:4  | Received a gift from Trog
 43509 | Snake:4  | Reached skill level 18 in Shields
 43558 | Snake:4  | Reached XP level 19. HP: 129/139 MP: 19/19
 43817 | Snake:4  | Noticed Aizul
 43835 | Snake:4  | Killed Aizul
 44564 | Snake:4  | Reached skill level 19 in Shields
 45100 | Snake:4  | Noticed Vashnia
 45122 | Snake:4  | Received a gift from Trog
 45165 | Snake:4  | Killed Vashnia
 45166 | Snake:4  | Reached skill level 20 in Shields
 45493 | Snake:4  | Got a serpentine rune of Zot
 46126 | Depths:1 | Found a one-way gate to the infinite horrors of the Abyss.
 46182 | Depths:1 | Reached skill level 1 in Evocations
 46204 | Depths:1 | Reached skill level 21 in Shields
 46657 | Depths:1 | Found a gateway to Hell.
 46857 | Depths:1 | Received a gift from Trog
 46858 | Depths:1 | Reached XP level 20. HP: 136/145 MP: 20/20
 47097 | Depths:1 | Found a sparkling altar of Nemelex Xobeh.
 48088 | Depths:2 | Reached skill level 5 in Evocations
 48616 | Depths:2 | Found a one-way gateway to a ziggurat.
 49269 | Depths:2 | Identified the +4 short sword of Resumed Hostilities
                  | {speed, *Corrode rPois rC+++ Dex+4}
 49344 | Depths:2 | Reached skill level 22 in Shields
 49869 | Depths:2 | Found a one-way gate leading to the halls of Pandemonium.
 50328 | Depths:3 | Received a gift from Trog
 50413 | Depths:3 | Noticed a golden dragon
 50429 | Depths:3 | Killed a golden dragon
 50966 | Depths:3 | Found Puacic's Book Shop.
 50967 | Depths:3 | Found Turalic's Jewellery Shoppe.
 50968 | Depths:3 | Found Ymulos's Book Shop.
 51457 | Depths:3 | Reached skill level 23 in Shields
 51972 | Depths:3 | Found a glowing golden altar of the Shining One.
 52019 | Depths:4 | Entered Level 4 of the Depths
 52399 | Depths:4 | HP: 5/145 [black draconian/bolt of lightning (10)]
 52824 | Depths:4 | Reached XP level 21. HP: 143/150 MP: 7/21
 52961 | Depths:4 | Noticed a golden dragon
 52989 | Depths:4 | Killed a golden dragon
 53001 | Depths:4 | Noticed Sojobo
 53040 | Depths:4 | Received a gift from Trog
 53233 | Depths:4 | Killed Sojobo
 53234 | Depths:4 | Reached skill level 24 in Shields
 54153 | Depths:4 | Noticed a golden dragon
 54184 | Depths:4 | Killed a golden dragon
 54510 | Depths:4 | Reached skill level 25 in Shields
 54686 | Depths:4 | Noticed Mennas
 54774 | Depths:4 | Killed Mennas
 55440 | Depths:4 | Found a gate to the Realm of Zot.
 55520 | Depths:4 | Voluntarily entered the Abyss.
 55551 | Abyss:1  | Identified a scroll of acquirement
 55614 | Abyss:1  | Paralysed by accursed screaming for 2 turns
 55658 | Abyss:1  | Noticed a bone dragon
 55681 | Abyss:1  | Killed a bone dragon
 55885 | Depths:4 | Escaped the Abyss
 56047 | Depths:4 | Voluntarily entered the Abyss.
 56425 | Abyss:4  | Found a corrupted altar of Lugonu.
 56555 | Abyss:4  | Paralysed by accursed screaming for 1 turns
 56567 | Abyss:4  | Paralysed by accursed screaming for 1 turns
 56773 | Abyss:4  | Noticed an ancient lich
 56798 | Depths:4 | Escaped the Abyss
 56811 | Depths:3 | Killed an ancient lich
 57101 | Depths:3 | Voluntarily entered the Abyss.
 57101 | Abyss:1  | Noticed a dread lich
 57101 | Abyss:1  | Found a corrupted altar of Lugonu.
 57115 | Abyss:1  | Killed a dread lich
 57228 | Abyss:2  | Found a corrupted altar of Lugonu.
 57425 | Abyss:3  | Gained mutation: [Your magical capacity is extremely low.
                  | (-30% MP)] [a neqoxec]
 57554 | Abyss:3  | Paralysed by accursed screaming for 1 turns
 58222 | Abyss:4  | Found a corrupted altar of Lugonu.
 58338 | Abyss:4  | Lost mutation: You are robust. (+10% HP) [a neqoxec]
 58523 | Abyss:5  | Entered Level 5 of the Abyss
 58556 | Abyss:5  | Slain by a blizzard demon

Illustrated notes

Levels and vault maps discovered:
D:1:      denvon_arrival_waterhouse, layout_basic, minmay_tromino_i2
D:2:      layout_basic, nicolae_ecumenical_pavilion, serial_shops, shop,
          nicolae_shop_waterfront, hangedman_decor_peaks_small,
          minmay_misc_feat_room, uniq_natasha
D:3:      layout_loops_corners, kennysheep_generic_room_4, uniq_grinder,
          uniq_ijyb
D:4:      minmay_angry_zag, layout_loops_ring, led_sif_pool, serial_shops,
          shop_fountains, minmay_fractal_squares_diagonal_5
D:5:      layout_gridville, grunt_ministairs_4, minmay_misc_feat_secret_circle,
          glass_columns_c, minmay_misc_feat_plants
D:6:      layout_basic, elyvilon_altar_1, minmay_temple_entry_junction_2,
          serial_shops, shop, minmay_pentangle, uniq_prince_ribbit1
D:7:      layout_rooms, serial_shops, shop, serial_bayou_pond_d,
          grunt_ministairs_13, due_unseen_surprise, uniq_menkaure
D:8:      layout_rooms, chei_slow_surprise, lair_entry_dummy
D:9:      layout_gridville, overflow_temple_1_default,
          nicolae_ru_the_path_less_chosen, lemuel_tele_altar,
          okawaru_metal_pillars_1_2, zombieorc2_lemuel, serial_shops,
          nicolae_shop_stone, kennysheep_generic_room_11
D:10:     layout_loops_ring, mainiacjoe_overflow_paths, lemuel_doored_altar,
          lemuel_zombie_altar_yredelemnul, uniq_harold
D:11:     layout_basic, minmay_ruined_shrine
D:12:     layout_cave_pools, gauntlet_entry_generic, hangedman_decor_slide_cut
D:13:     layout_cave_pools, hangedman_abyss_or_decor_lesser_grid,
          nicolae_antique_artefacts
D:14:     minmay_the_grid_square_5x5_5x5
          [minmay_the_grid_square_5x5_almost_minimal,
          minmay_the_grid_square_5x5_longway,
          minmay_the_grid_square_5x5_n_small, minmay_the_grid_square_5x5_corner,
          minmay_the_grid_square_5x5_fat_x,
          minmay_the_grid_square_5x5_gyroscope,
          minmay_the_grid_square_5x5_prize_itemx,
          minmay_the_grid_square_5x5_two,
          minmay_the_grid_square_5x5_prize_waves,
          minmay_the_grid_square_5x5_hollow_slash,
          minmay_the_grid_square_5x5_eight,
          minmay_the_grid_square_5x5_misaligned,
          minmay_the_grid_square_5x5_prize_open,
          minmay_the_grid_square_5x5_spiral_small, minmay_the_grid_square_5x5_z,
          minmay_the_grid_square_5x5_pentomino_r,
          minmay_the_grid_square_5x5_prize_monsterx,
          minmay_the_grid_square_5x5_broken_cross,
          minmay_the_grid_square_5x5_prize_open,
          minmay_the_grid_square_5x5_fancy_junction,
          minmay_the_grid_square_5x5_mess,
          minmay_the_grid_square_5x5_checkered_sparse,
          minmay_the_grid_square_5x5_forky, minmay_the_grid_square_5x5_three,
          minmay_the_grid_square_5x5_shrine1], layout_rooms, david_vaults_4,
          ebering_ghost_reflecting_pool, fedhas_altar_1, minmay_misc_feat_chi,
          minmay_pinched_square
D:15:     hangedman_depths_entry_try_elsewhere_first, layout_cross,
          grunt_dithmenos_smoke_and_mirrors, minmay_fractal_squares_gapless_7
Lair:1:   layout_cave_pods
Lair:2:   layout_roguey [special_room_bee], guppyfry_snake_entry_island,
          serial_bayou_shore_b, serial_bayou_shore_a, grunt_megastairs_4,
          lemuel_fruit_fields, lemuel_fruit_tree
Lair:3:   layout_roguey, beast_lair_carwin_5, grunt_megastairs_1
Lair:4:   layout_long_grid, swamp_mist_pool, uniq_sonja, uniq_kirke
Lair:5:   layout_cave_shapes, infiniplex_staircase_pool, grunt_megastairs_5
Lair:6:   hangedman_lair_caniforms_friends, layout_big_grid,
          hangedman_lair_in_review, slime_altar_2
Swamp:1:  layout_falls_marsh, serial_swamp_ruin, evilmike_swamp_ruin_house_2,
          evilmike_swamp_ruin_house_5, evilmike_swamp_ruin_house_1
Swamp:2:  layout_falls_marsh, evilmike_swamp_ruin_house_6, swamp_pool1,
          uniq_frances
Swamp:3:  layout_basic_swamp, hangedman_swamp_ruin_wall
Swamp:4:  swamp_basic_johnstein, layout_basic_swamp,
          portal_ice_cave_entry_ice_statue_two, hangedman_swamp_blocks,
          swamp_pool4, nicolae_swamp_some_circles
Snake:1:  layout_grid_maze
Snake:2:  layout_honeycomb, nicolae_shop_gadgets
Snake:3:  layout_basic, minmay_shop_star
Snake:4:  snake_pit_salamanders_mu, layout_cave_town, gammafunk_ghost_grave,
          uniq_vashnia, uniq_aizul
Orc:1:    layout_diamond_mine, basic_altar, uniq_jorgrun, uniq_maurice
Orc:2:    st_orc_congregation, layout_caves
Depths:1: layout_gridlike, abyss_entry_small_statue_room, kennysheep_nub,
          hangedman_geh_valley, roderic_roman_lattice,
          nemelex_spade_bored_becter
Depths:2: hourglass_vault, layout_small_grid, enter_ziggurat_b,
          grunt_hell_entry_dis_mu, serial_sigils_hangedman_shear,
          rand_demon_pan_entry_4, minmay_staircase_bubble, grunt_megastairs_3
Depths:3: abrahamwl_protected_by_tso_3, layout_gridlike, lightli_too_deep,
          nicolae_concentric_dashed_squares_wild, abyss_entry_glasseish,
          minmay_staircase_statues_hall_small, minmay_shop_grove
Depths:4: grunt_zot_entry_gee_three, layout_basic, minmay_crystal_water,
          marbit_kobold_abyss_entry, hellmouth_1, st_stairs_7,
          minmay_misc_feat_more_columns, uniq_mennas, uniq_sojobo
Abyss:5:  base: Lair:6, evilmike_abyss_exit_9, hangedman_elemental_corridor,
          grunt_abyss_rune_wretched_hive

Skill      XL: |  1  2  3  4  5  6  7  8  9 10 11 12 13 14 15 16 17 18 19 20 21 |
---------------+----------------------------------------------------------------+-----
Dodging        | 2 3 4 5 7 8 9 10 11 12 | 12.8
Armour         | 3 4 5 6 7 9 10 12 13 14 15 16 | 16.5
Fighting       | 4 5 6 8 9 10 12 13 14 15 16 | 16.7
Maces & Flails | 4 5 6 7 8 10 11 12 13 14 15 16 | 16.1
Shields        | 6 13 18 21 23 25 | 25.0
Evocations     | 3 7 |  7.0

Action                   |  1- 3 |  4- 6 |  7- 9 | 10-12 | 13-15 | 16-18 | 19-21 || total
-------------------------+-------+-------+-------+-------+-------+-------+-------++-------
Melee: Mace              |    63 |   108 |   159 |       |       |       |       ||   330
       Punch             |     3 |     2 |     7 |    19 |     3 |       |       ||    34
       Unarmed           |       |       |    12 |       |       |       |       ||    12
       Flail             |       |       |   339 |   630 |       |       |       ||   969
       Whip              |       |       |       |   496 |  1747 |   514 |       ||  2757
       Morningstar       |       |       |       |       |   422 |  1220 |    17 ||  1659
       Eveningstar       |       |       |       |       |       |   554 |   616 ||  1170
       Demon whip        |       |       |       |       |       |       |  2225 ||  2225
Invok: Berserk           |     3 |     4 |    16 |     6 |    16 |    20 |    18 ||    83
       Trog's Hand       |       |     3 |     2 |     2 |     4 |     3 |    12 ||    26
       Brothers in Arms  |       |       |       |       |     1 |     1 |     4 ||     6
Evoke: Wand              |       |       |     1 |       |       |       |       ||     1
  Use: Scroll            |       |       |     4 |     7 |    12 |     3 |     8 ||    34
       Potion            |       |       |       |       |     1 |     3 |     4 ||     8
 Stab: Distracted        |       |       |       |       |     1 |       |       ||     1
Armor: Leather armour    |    11 |       |       |       |       |       |       ||    11
       Animal skin       |     2 |       |       |       |       |       |       ||     2
       Scale mail        |     2 |    44 |   170 |       |       |       |       ||   216
       Skin              |       |       |     1 |       |       |       |       ||     1
       Ring mail         |       |       |    77 |       |       |       |       ||    77
       Chain mail        |       |       |    30 |   670 |  1508 |  1381 |   748 ||  4337
Dodge: Dodged            |    38 |    62 |   287 |   570 |  1087 |   817 |   518 ||  3379
Block: Buckler           |       |       |       |       |   202 |   152 |       ||   354
       Tower shield      |       |       |       |       |   154 |  1662 |  2554 ||  4370
       Reflection        |       |       |       |       |       |    56 |    82 ||   138
